 Dungeon Crawl Stone Soup version 0.24.0-125-gc4c63601f3 (webtiles) character file.

Game seed: 918174902600576287, levelgen mode: deterministic

515 Curus the Twirler (level 7, 48/50 HPs)
             Began as a Demonspawn Gladiator on Feb 25, 2020.
             Quit the game on level 5 of the Dungeon.
             The game lasted 00:24:31 (4244 turns).

Curus the Twirler (Demonspawn Gladiator)            Turns: 4244, Time: 00:24:31

Health: 48/50      AC:  6    Str: 15    XL:     7   Next: 0%
Magic:  7/7        EV: 13    Int:  9    God:
Gold:   312        SH:  0    Dex: 16    Spells: 6/6 levels left

rFire    . . .     SeeInvis .   a - +2 quarterstaff
rCold    . . .     Gourm    .   (shield currently unavailable)
rNeg     . . .     Faith    .   b - +1 leather armour
rPois    .         Spirit   .   c - +1 helmet
rElec    .         Reflect  .   (no cloak)
rCorr    .         Harm     .   (no gloves)
MR       +....                  (no boots)
Stlth    +.........             (no amulet)
HPRegen  0.16/turn              o - ring of protection from magic
MPRegen  0.10/turn              (no ring)

@: no status effects
A: claws 1, powered by pain 2
a: no special abilities


You were on level 5 of the Dungeon.
You were not hungry.

You visited 1 branch of the dungeon, and saw 5 of its levels.
You also visited: Sewer.

You collected 312 gold pieces.

Inventory:

Hand Weapons
 a - a +2 quarterstaff (weapon)
Missiles
 d - 4 throwing nets (quivered)
Armour
 b - a +1 leather armour (worn)
 c - a +1 helmet (worn)
Jewellery
 o - a ring of protection from magic (left claw)
Wands
 m - a wand of polymorph (8)
Scrolls
 h - 7 scrolls of remove curse
 i - 5 scrolls of teleportation
 n - 5 scrolls of identify
Potions
 e - 3 potions of might
 g - 5 potions of curing
 j - a potion of heal wounds
 k - 4 potions of flight
 l - a potion of cancellation
Comestibles
 f - 12 rations
 p - 4 chunks of flesh


   Skills:
 - Level 2.0 Fighting
 + Level 7.3 Staves
 - Level 1.7 Throwing
 - Level 2.6 Dodging


You had 6 spell levels left.
You didn't know any spells.
Your spell library was empty.

Dungeon Overview and Level Annotations

Branches:
Dungeon (5/15)              Sewer (visited)
 Temple: D:4-7

Altars:
Nemelex Xobeh
Qazlal


Innate Abilities, Weirdness & Mutations

You have sharp fingernails.
You sometimes gain power by taking damage.


Message History

A worker ant comes into view.
The worker ant twitches its antennae in your direction.
You hit the worker ant.
The worker ant is moderately wounded.
The worker ant barely misses you.
You sock the worker ant!
The worker ant is severely wounded.
The worker ant bites you. The worker ant closely misses you.
You closely miss the worker ant.
The worker ant is severely wounded.
The worker ant barely misses you.
You hit the worker ant.
You kill the worker ant!
You have reached level 7!
Your demonic ancestry asserts itself...
Your fingernails lengthen.
Are you sure you want to abandon this character and quit the game? (Confirm with "yes".)
Okay, then.
Unknown command.
Are you sure you want to abandon this character and quit the game? (Confirm with "yes".)

.#.#.#.#.#.#.#.#.#.#.#.#.
#.#.#.#.#.#.#.#.#.#.#.#.#
#.#.#.#.#.#.#.#.#.#.#.#.
#.#.#.#.#.#.#.#.#.#.#.#
#.#.#.#.#.#.#.#.#.#.#.
#.#.#.#.#.#.#†#.#.#.#
#.#.#.#.#.#.#.#.#.#.
#.#.#.#.#.#.#.#.#.#
#.#@#.#.#.#.#.#<#.#
#<#.#.#.#.#.#.#.#)#
#.#.#.#.#.#.#.#.#.#.#
#.#.# .#.#.#.#.#.# #.#
#.#.# .#.#.#.#.# #. #.#.#
.#.#.#.# # .#.# .#.#.# .#
.#.# >#


There were no monsters in sight!

Vanquished Creatures
  2 ogres (D:4)
  A jelly (D:4)
  A centaur skeleton (D:4)
  A worker ant (D:5)
  A merfolk avatar (Sewer)
  A merfolk siren (Sewer)
  4 gnolls (D:5)
  3 adders
  3 river rats (Sewer)
  An ooze (D:2)
  2 worms
  A dart slug (D:2)
  5 leopard geckos
  3 orcs
  9 bats
  18 giant cockroaches
  6 goblins
  8 hobgoblins
  4 jackals (D:5)
  4 quokkas
  5 ball pythons
  8 frilled lizards
  6 kobolds
  24 rats
121 creatures vanquished.

Notes
Turn   | Place    | Note
-------+----------+-------------------------------------------
     0 | D:1      | Curus the Demonspawn Gladiator began the quest for the Orb.
     0 | D:1      | Reached XP level 1. HP: 16/16 MP: 1/1
    29 | D:1      | Reached skill level 3 in Staves
    60 | D:1      | Gained mutation: You sometimes gain a little power by
                  | taking damage. [demonic ancestry]
    60 | D:1      | Reached XP level 2. HP: 16/22 MP: 2/2
   672 | D:2      | Reached XP level 3. HP: 25/27 MP: 3/3
   709 | D:2      | Reached skill level 4 in Staves
   972 | D:2      | Found a stormy altar of Qazlal.
   972 | D:2      | Noticed a fire elemental
   972 | D:2      | Noticed an air elemental
   972 | D:2      | Noticed a water elemental
   972 | D:2      | Noticed an earth elemental
  1569 | D:3      | Gained mutation: You sometimes gain power by taking damage.
                  | [demonic ancestry]
  1569 | D:3      | Reached XP level 4. HP: 24/33 MP: 4/4
  1578 | D:3      | Found a glowing drain.
  1593 | Sewer    | Entered a sewer
  1684 | Sewer    | Reached skill level 5 in Staves
  1981 | Sewer    | Reached XP level 5. HP: 24/38 MP: 5/5
  3129 | D:3      | Found a sparkling altar of Nemelex Xobeh.
  3424 | D:4      | Reached skill level 6 in Staves
  3531 | D:4      | Noticed an ogre
  3534 | D:4      | Noticed an ogre
  3542 | D:4      | Killed an ogre
  3542 | D:4      | Reached XP level 6. HP: 33/44 MP: 6/6
  3804 | D:4      | Reached skill level 7 in Staves
  4169 | D:5      | Entered Level 5 of the Dungeon
  4243 | D:5      | Gained mutation: You have sharp fingernails. [demonic
                  | ancestry]
  4243 | D:5      | Reached XP level 7. HP: 48/50 MP: 7/7
  4244 | D:5      | Quit the game

Levels and vault maps discovered:
D:1:      dpeg_arrival_houses_and_road, layout_rooms, kennysheep_crisscross
D:2:      layout_loops_cross, nicolae_qazlal_style_of_elements, first_ration
D:3:      layout_loops_ring, lemuel_crystal_altar, gup_sewer_entry_pipe
D:4:      layout_loops_cross
D:5:      layout_basic, serial_shops, shop, shop, uniq_crazy_yiuf_cottage

Skill      XL: |  1  2  3  4  5  6 |
---------------+-------------------+-----
Staves         | 3 4 5 6 7 |  7.3
Fighting       | |  2.0
Throwing       | |  1.7
Dodging        | |  2.6

Action                   |  1- 3 |  4- 6 |  7- 9 || total
-------------------------+-------+-------+-------++-------
Melee: Quarterstaff      |   141 |   212 |       ||   353
Throw: Throwing net      |       |     1 |       ||     1
  Use: Potion            |     5 |     2 |       ||     7
       Scroll            |     5 |     4 |       ||     9
 Stab: Sleeping          |       |     1 |       ||     1
  Eat: Chunk             |     2 |     9 |       ||    11
Armor: Leather armour    |    28 |    49 |       ||    77
Dodge: Dodged            |    91 |   109 |       ||   200
